 Dungeon Crawl Stone Soup version 0.22-a0-824-g1ca9aab89c (webtiles) character file.

15273 Azzok the Geomancer (level 12, -4/77 HPs)
             Began as a Gargoyle Earth Elementalist on July 24, 2018.
             Was an Elder of Vehumet.
             Slain by a red ugly thing (9 damage)
             ... on level 10 of the Dungeon.
             The game lasted 00:21:27 (16863 turns).

Azzok the Geomancer (Gargoyle Earth Elementalist)  Turns: 16863, Time: 00:21:28

Health: -4/77      AC: 12    Str: 13    XL:     12   Next: 25%
Magic:  8/24       EV: 12    Int: 20    God:    Vehumet [****..]
Gold:   679        SH:  4    Dex: 10    Spells: 14/28 levels left

rFire    . . .     SeeInvis .   p - +1 whip (venom)
rCold    . . .     Gourm    .   n - +0 buckler
rNeg     + . .     Faith    .   E - +1 robe {MR+}
rPois    ∞         Spirit   .   (no helmet)
rElec    +         Reflect  .   (no cloak)
rCorr    .         Harm     .   q - +0 pair of gloves
MR       +....                  (no boots)
Stlth    ++........             (no amulet)
HPRegen  0.22/turn              (no ring)
MPRegen  0.19/turn              (no ring)

@: no status effects
A: negative energy resistance 1, electricity resistance, unbreathing,
petrification resistance, rot immunity, AC +8
a: Renounce Religion


You were on level 10 of the Dungeon.
You worshipped Vehumet.
Vehumet was greatly pleased with you.
You were very hungry.

You visited 2 branches of the dungeon, and saw 12 of its levels.

You collected 679 gold pieces.

Inventory:

Hand Weapons
 p - a +1 whip of venom (weapon)
Missiles
 b - 235 stones (quivered)
Armour
 n - a +0 buckler (worn)
 q - a +0 pair of gloves (worn)
 E - a +1 robe of magic resistance (worn)
Jewellery
 m - an uncursed ring of wizardry {unknown}
Wands
 y - a wand of disintegration (15)
 A - a wand of iceblast (4)
 G - a wand of digging (13)
Scrolls
 a - 8 scrolls of remove curse
 c - a scroll of identify
 e - 5 scrolls of teleportation
 h - 2 scrolls of magic mapping
 i - 2 scrolls of enchant armour
 l - a scroll of fear
 o - a scroll of acquirement {unknown}
 s - 3 scrolls of blinking
 t - a scroll of silence {unknown}
 w - 5 scrolls of enchant weapon
 x - a scroll of immolation
 B - a scroll of amnesia
 C - a scroll of vulnerability {unknown}
 K - a scroll of summoning
Potions
 f - 4 potions of might
 g - 4 potions of haste
 j - 5 potions of curing {unknown}
 k - 4 potions of magic {unknown}
 r - 5 potions of flight
 u - 5 potions of heal wounds
 v - 2 potions of cancellation {unknown}
 z - a potion of invisibility {unknown}
 D - 3 potions of brilliance {unknown}
 H - a potion of lignification {unknown}
 I - a potion of berserk rage {unknown}
 J - 2 potions of ambrosia {unknown}
Comestibles
 d - 19 rations


   Skills:
 + Level 9.9 Fighting
 - Level 1.5 Dodging
 - Level 2.1 Stealth
 - Level 4.0 Shields
 + Level 8.6 Spellcasting
 + Level 10.7 Conjurations
   Level 0.7 Transmutations
 + Level 12.7 Earth Magic


You had 14 spell levels left.
You knew the following spells:

 Your Spells              Type           Power        Failure   Level  Hunger
a - Sandblast             Erth           ######       1%          1    None
b - Stone Arrow           Conj/Erth      ######       1%          3    None
c - Lee's Rapid Deconstr  Erth           ######....   1%          5    #####..
d - Bolt of Draining      Conj/Necr      ####......   7%          5    #####..

Your spell library contained the following spells:

 Spells                   Type           Power        Failure   Level  Hunger
 Cause Fear               Hex            #.........   63%         4    ###....
 Conjure Flame            Conj/Fire      ####....     1%          3    None
 Pain                     Necr           #...         9%          1    None
 Regeneration             Chrm/Necr      #.........   24%         3    None
 Deflect Missiles         Chrm/Air       #.........   100%        6    ######.
 Passwall                 Tmut/Erth      #####...     1%          2    None
 Call Canine Familiar     Summ           #.......     24%         3    None
 Silence                  Hex/Air        #.........   92%         5    #####..
 Petrify                  Tmut/Erth      #####...     4%          4    ###....
 Discord                  Hex            #.........   100%        8    #######
 Gell's Gravitas          Tloc           #.........   24%         3    None
 Yara's Violent Unravell  Hex/Tmut       ##........   41%         5    #####..


Dungeon Overview and Level Annotations

Branches:
Dungeon (11/15)            Temple (1/1) D:4            Lair (0/6) D:10
    Orc: D:9-12

Altars:
Ashenzari
Cheibriados
Dithmenos
Elyvilon
Fedhas
Gozag
Hepliaklqana
Kikubaaqudgha
Makhleb
Nemelex Xobeh
Okawaru
Qazlal
Ru
Sif Muna
Trog
Uskayaw
Vehumet
Wu Jian
Xom
Yredelemnul
Zin
The Shining One


Innate Abilities, Weirdness & Mutations

You are resistant to torment.
Your stone body is resilient. (AC +8)
You are immune to poison.
You resist negative energy. (rN+)
You are resistant to electric shocks. (rElec)
You can survive without breathing.
You are immune to petrification.
You are immune to rotting.


Message History

The red ugly thing is heavily wounded.
The blast of rock fragments hits the yak.
You kill the yak!
Vehumet accepts your kill.
You feel your power returning.
* * * LOW MAGIC WARNING * * *
You are feeling very hungry.
The red ugly thing tentacle-slaps you.
You are engulfed in flames!!
* * * LOW HITPOINT WARNING * * *
You block the red ugly thing's attack.
You see here a yak corpse.
The red ugly thing tentacle-slaps you.
* * * LOW HITPOINT WARNING * * *
You are engulfed in flames!
* * * LOW HITPOINT WARNING * * *
There is an open door here.
Unknown command.
The red ugly thing closely misses you. The red ugly thing tentacle-slaps you!
You die...

·▒>·▒·········♣♣♣♣♣♣
·▒··▒··········P♣♣♣
·▒▒'▒·············♣♣
···················♣♣
··········▒▒▒▒▒▒···P♣
▒·········'····▒····♣
▒····)····▒····▒····♣♣
▒·········▒····▒·····♣♣▒▒▒▒
▒·········▒····▒@·····♣▒··▒
······⌠···▒▒▒▒▒▒u··♣♣··'··▒
···················P♣♣♣▒▒▒▒
····················♣
▒··········▒)▒▒·····♣♣
▒··········▒··▒····PP♣
▒···▒▒'▒···▒··▒······♣♣
▒···▒·†▒···▒▒▒▒·····P·♣♣
····▒·>▒··············P▒


You could see a red ugly thing.

Vanquished Creatures
  An ettin (D:11)
  Harold (D:8)
  3 two-headed ogres
  An unseen horror (D:11)
  Pikel (D:3)
  A manticore (D:10)
  Joseph (D:9)
  A hornet (D:11)
  7 trolls
  A merfolk (D:10)
  4 wyverns (D:10)
  A vampire (D:10)
  A hog (D:10)
  13 yaks (D:10)
  A basilisk (D:11)
  2 hungry ghosts (D:11)
  Menkaure (D:5)
  Duvessa (D:4)
  A sky beast (D:9)
  7 black bears (D:10)
  An eye of draining (D:11)
  2 orc warriors
  2 ice beasts
  A phantom (D:6)
  8 centaurs
  2 ogres
  7 big kobolds
  6 bullfrogs
  Dowan (D:4)
  A scorpion (D:10)
  4 killer bees (D:11)
  4 electric eels (D:10)
  4 crimson imps
  7 hounds
  3 jellies
  12 orc wizards
  A centaur skeleton (D:5)
  8 orc priests
  A gnoll shaman (D:10)
  3 iguanas
  5 worker ants
  2 hound skeletons
  8 adders
  11 gnolls
  A howler monkey skeleton (D:7)
  An ooze (D:2)
  An adder zombie (D:9)
  2 worms (D:3)
  2 dart slugs (D:1)
  5 leopard geckos
  28 orcs
  A ball python (D:2)
  11 bats
  4 giant cockroaches
  9 goblins
  15 hobgoblins
  10 jackals
  6 quokkas
  A frilled lizard (D:2)
  23 kobolds
  2 quokka skeletons
  4 rats
280 creatures vanquished.

Vanquished Creatures (others)
  An orc wizard (D:8)
1 creature vanquished.

Grand Total: 281 creatures vanquished

Notes
Turn   | Place    | Note
-------+----------+-------------------------------------------
     0 | D:1      | Azzok the Gargoyle Earth Elementalist began the quest for the Orb.
     0 | D:1      | Reached XP level 1. HP: 10/10 MP: 3/3
    64 | D:1      | Reached skill level 4 in Earth Magic
   332 | D:1      | Reached XP level 2. HP: 15/15 MP: 3/5
   713 | D:1      | Reached skill level 5 in Earth Magic
   713 | D:1      | Reached XP level 3. HP: 19/19 MP: 6/6
   748 | D:1      | Learned a level 3 spell: Stone Arrow
  1465 | D:2      | Reached skill level 1 in Conjurations
  1515 | D:2      | Reached XP level 4. HP: 24/24 MP: 7/7
  1658 | D:2      | Reached skill level 1 in Shields
  1687 | D:2      | HP: 1/24 [gnoll/spear (5)]
  2001 | D:2      | Reached XP level 5. HP: 28/28 MP: 5/8
  2264 | D:2      | Reached skill level 6 in Earth Magic
  2417 | D:2      | Found a sacrificial altar of Ru.
  3175 | D:3      | Found a white marble altar of Elyvilon.
  3251 | D:3      | Reached XP level 6. HP: 9/32 MP: 0/9
  3885 | D:4      | Found a staircase to the Ecumenical Temple.
  3889 | Temple   | Entered the Ecumenical Temple
  4104 | D:4      | Noticed Duvessa
  4105 | D:4      | Found a radiant altar of Vehumet.
  4105 | D:4      | Noticed Dowan
  4427 | D:4      | Killed Duvessa
  4482 | D:4      | Killed Dowan
  4482 | D:4      | Reached XP level 7. HP: 36/36 MP: 5/10
  4506 | D:4      | Became a worshipper of Vehumet
  4832 | D:4      | Found a basalt altar of Yredelemnul.
  4916 | D:4      | Reached skill level 7 in Earth Magic
  5274 | D:4      | Noticed Pikel
  5335 | D:3      | Killed Pikel
  5335 | D:3      | Reached skill level 5 in Conjurations
  5335 | D:3      | Reached XP level 8. HP: 34/45 MP: 2/12
  5640 | D:4      | Found a sparkling altar of Nemelex Xobeh.
  5645 | D:4      | Found a shattered altar of Ashenzari.
  5988 | D:5      | Entered Level 5 of the Dungeon
  6038 | D:5      | Reached skill level 8 in Earth Magic
  6166 | D:5      | Noticed Menkaure
  6301 | D:5      | Killed Menkaure
  6530 | D:5      | Found a blossoming altar of Fedhas.
  6536 | D:5      | Found a stormy altar of Qazlal.
  7678 | D:6      | Reached * piety under Vehumet
  7678 | D:6      | Offered knowledge of Shock by Vehumet.
  7827 | D:6      | Reached XP level 9. HP: 49/52 MP: 9/15
  8613 | D:6      | Reached skill level 9 in Earth Magic
  9227 | D:7      | Found an opulent altar of Gozag.
 10198 | D:8      | Noticed Harold
 10206 | D:8      | Killed Harold
 10206 | D:8      | Reached skill level 5 in Fighting
 10206 | D:8      | Reached skill level 5 in Spellcasting
 10676 | D:8      | Offered knowledge of Flame Tongue by Vehumet.
 10765 | D:8      | Reached ** piety under Vehumet
 10832 | D:8      | Found an ancient bone altar of Kikubaaqudgha.
 10868 | D:8      | Found a radiant altar of Vehumet.
 11017 | D:8      | Identified Kikubaaqudgha's Grimoire of Evil
 11031 | D:8      | Found a deep blue altar of Sif Muna.
 11127 | D:8      | Reached XP level 10. HP: 60/60 MP: 8/18
 11453 | D:9      | Reached skill level 10 in Earth Magic
 11947 | D:9      | Noticed a two-headed ogre
 11953 | D:9      | Killed a two-headed ogre
 12089 | D:9      | Noticed Joseph
 12096 | D:9      | Killed Joseph
 12123 | D:9      | Found a shadowy altar of Dithmenos.
 12203 | D:9      | Found an ornate altar of the Wu Jian Council.
 12423 | D:10     | Entered Level 10 of the Dungeon
 12455 | D:10     | Offered knowledge of Static Discharge by Vehumet.
 12650 | D:10     | Reached skill level 11 in Earth Magic
 12979 | D:10     | Reached XP level 11. HP: 68/68 MP: 7/21
 13188 | D:10     | Found a staircase to the Lair.
 13200 | D:10     | Found an ornate altar of the Wu Jian Council.
 13303 | D:10     | Noticed a two-headed ogre
 13306 | D:10     | Killed a two-headed ogre
 13360 | D:10     | Reached *** piety under Vehumet
 13704 | D:10     | Identified Iblemp's Easy Magic
 14138 | D:10     | Learned a level 5 spell: Lee's Rapid Deconstruction
 14310 | D:10     | Noticed a manticore
 14313 | D:10     | Killed a manticore
 14602 | D:10     | Offered knowledge of Dazzling Spray by Vehumet.
 14605 | D:10     | Reached skill level 10 in Conjurations
 14607 | D:10     | Reached skill level 12 in Earth Magic
 15970 | D:11     | Noticed a two-headed ogre
 15990 | D:11     | Killed a two-headed ogre
 16149 | D:11     | Reached XP level 12. HP: 76/76 MP: 15/24
 16443 | D:11     | Reached **** piety under Vehumet
 16690 | D:11     | Offered knowledge of Bolt of Draining by Vehumet.
 16817 | D:11     | Learned a level 5 spell: Bolt of Draining
 16823 | D:11     | Noticed an ettin
 16834 | D:11     | Killed an ettin
 16851 | D:10     | HP: 2/77 [red ugly thing (12)]
 16863 | D:10     | Slain by a red ugly thing

Vault maps used:
D:1:      lemuel_arrival_lava_pool
D:2:      lemuel_coloured_pillars_altar
D:3:      marbit_many_paths, first_ration
D:4:      yredelemnul_altar_generic, minitemple, minmay_temple_entry_grid,
          vehumet_altar_wand_db, uniq_pikel, uniq_duvessa
D:5:      grunt_temple_overflow_forces_of_nature, dk_noncrumbling_2,
          uniq_menkaure
D:6:      cheibrodos_thug_alley
D:7:      nicolae_gozag_seed_capital
D:8:      palyth_temple_overflow_mages, uniq_harold
D:9:      basic_altar, grunt_dithmenos_smoke_and_mirrors, uniq_joseph
D:10:     kennysheep_town
D:11:     minmay_box_of_curves, uniq_maurice
Temple:   grunt_temple_mini_profane

Skill      XL: |  1  2  3  4  5  6  7  8  9 10 11 |
---------------+----------------------------------+-----
Earth Magic    | 4 5 6 7 8 9 11 12 | 12.7
Conjurations   | 1 2 3 5 6 7 9 10 | 10.7
Shields        | 1 2 3 4 |  4.0
Fighting       | 2 4 6 7 9 |  9.9
Spellcasting   | 3 4 5 6 8 |  8.6
Dodging        | |  1.5
Stealth        | |  2.1
Transmutations | |  0.7

Action                   |  1- 3 |  4- 6 |  7- 9 | 10-12 || total
-------------------------+-------+-------+-------+-------++-------
Melee: Unarmed           |    20 |       |       |       ||    20
       Dagger            |   127 |   101 |       |       ||   228
       Whip              |       |    69 |   209 |    52 ||   330
 Cast: Sandblast         |     5 |    37 |    37 |    26 ||   105
       Stone Arrow       |       |     4 |    81 |   222 ||   307
       Lee's Rapid Decon |       |       |       |     3 ||     3
       Bolt of Draining  |       |       |       |     1 ||     1
  Use: Scroll            |       |       |     3 |    13 ||    16
 Stab: Sleeping          |     4 |       |     1 |       ||     5
  Eat: Chunk             |     2 |    10 |    17 |    17 ||    46
       Ration            |       |       |     3 |     1 ||     4
Armor: Robe              |    73 |    66 |    91 |    63 ||   293
       Skin              |       |       |       |     4 ||     4
Dodge: Dodged            |   124 |   152 |   111 |    67 ||   454
Block: Buckler           |       |       |    36 |    34 ||    70

Table legend:
 A = Spawn XP
 B = Non-spawn XP
 C = Spawn XP percentage of total XP
 D = Spawn monster count
 E = Non-spawn monster count
 F = Spawn count percentage of total count
 G = Total turns spent on level
                    A         B        C        D         E        F      G
               +---------+---------+-------+---------+---------+-------+---------
         Total |       0 |   21819 |   0.0 |       0 |     281 |   0.0 | 16863
               +---------+---------+-------+---------+---------+-------+---------
           D:1 |       0 |      48 |   0.0 |       0 |      24 |   0.0 |  1305
           D:2 |       0 |     196 |   0.0 |       0 |      40 |   0.0 |  1636
           D:3 |       0 |     781 |   0.0 |       0 |      24 |   0.0 |  1281
           D:4 |       0 |     442 |   0.0 |       0 |      19 |   0.0 |  1645
           D:5 |       0 |     618 |   0.0 |       0 |      12 |   0.0 |  1270
           D:6 |       0 |     899 |   0.0 |       0 |      30 |   0.0 |  1853
           D:7 |       0 |     138 |   0.0 |       0 |       9 |   0.0 |   792
           D:8 |       0 |    1539 |   0.0 |       0 |      27 |   0.0 |  1475
           D:9 |       0 |    2881 |   0.0 |       0 |      16 |   0.0 |   976
          D:10 |       0 |    9364 |   0.0 |       0 |      58 |   0.0 |  3498
          D:11 |       0 |    4913 |   0.0 |       0 |      22 |   0.0 |   942
               +---------+---------+-------+---------+---------+-------+---------
